Map: Ruins of Seras

Players

FrostFire - Winner!

  • Race: Terran Terran
  • League: Platinum

Javert

  • Race: Zerg Zerg
  • League: Gold

VOD

Have the link to the VOD?

Description

Time

  • Played on: Sept. 12, 2015, 11:39 p.m.
  • Length: 6:28
Show
View Real Time Build Order
Export as new Build Order

FrostFire Terran - Winner!

Build Orders:  

Get SALT Encoding   

  12  0:05  SCV  
  13  0:17  SCV  
  14  0:24  Supply Depot  
  14  0:29  SCV  
  15  0:46  SCV  
  15  0:47  Barracks  
  16  0:52  Barracks  
  16  0:58  SCV  
  16  1:03  Refinery  
  17  1:11  SCV  
  18  1:18  Supply Depot  
  18  1:23  SCV  
  19  1:35  SCV, Marine  
  19  1:36  Barracks  
  19  1:39  Marine  
  22  1:52  Barracks  
  22  1:53  Marine  
  23  1:56  Marine  
  25  2:10  Orbital Command  
  25  2:11  Marine  
  25  2:15  Marine  
  26  2:24  Marine  
  26  2:29  Marine  
  28  2:33  Marine  
  29  2:39  Marine  
  29  2:41  Supply Depot  
  29  2:42  Marine  
  30  2:46  Marine  
  31  3:03  Marine x3  
  35  3:14  Barracks  
  35  3:17  Barracks  
  35  3:21  Barracks Tech Lab, Marine  
  35  3:23  Barracks Reactor  
  35  3:25  Marine  
  36  3:29  Supply Depot  
  33  3:38  Marine  
  33  3:39  Marine  
  35  3:43  Marine  
  34  3:56  Marine  
  34  3:57  Marine  
  34  4:01  Marine  
  37  4:04  Marine  
  37  4:05  Marine  
  37  4:06  Marine x2  
  37  4:09  Stimpack  
  41  4:14  Marine  
  41  4:15  Marine  
  43  4:19  Marine  
  43  4:22  Marine  
  43  4:23  Marine x2  
  43  4:24  Marine  
  48  4:32  Marine  
  48  4:33  Marine  
  48  4:37  Marine  
  51  4:40  Marine x2  
  51  4:41  Marine  
  51  4:42  Marine  
  55  4:50  Marine  
  55  4:51  Marine  
  51  4:54  Marine  
  51  4:58  Marine x2  
  51  4:59  Marine  
  55  5:18  Marine  
  55  5:26  Marine x6  
  59  5:36  Marine  
  60  5:44  Marine x3  
  63  5:56  Marine  
  63  5:57  Marine  
  63  5:59  Marine  
  63  6:04  Marine x4  
Show
View Real Time Build Order
Export as new Build Order

Javert Zerg 

Build Orders: Hatch First 

Get SALT Encoding   

  12  0:01  Drone  
  13  0:14  Overlord  
  13  0:18  Drone  
  14  0:36  Drone x2  
  14  0:39  Drone  
  17  0:53  Hatchery  
  17  0:55  Drone  
  17  1:01  Drone  
  18  1:10  Extractor  
  17  1:13  Drone  
  18  1:25  Drone, Spawning Pool  
  18  1:30  Drone  
  19  1:42  Drone  
  20  1:52  Drone  
  21  2:03  Overlord  
  21  2:12  Queen  
  21  2:13  Queen  
  21  2:14  Zergling x4  
  27  2:31  Zergling x6  
  27  2:34  Metabolic Boost  
  30  2:41  Drone x2  
  32  2:53  Drone x2  
  32  2:55  Queen  
  36  2:58  Overlord  
  35  3:13  Spine Crawler  
  35  3:14  Spine Crawler  
  35  3:16  Zergling x4  
  35  3:17  Zergling x2  
  36  3:33  Overlord  
  36  3:38  Overlord x2  
  34  3:55  Zergling x4  
  34  3:56  Zergling x14  
  34  3:57  Zergling x4  
  34  4:02  Overlord  
  44  4:07  Overlord  
  44  4:15  Drone  
  44  4:21  Overlord  
  44  4:25  Drone  
  44  4:29  Drone  
  44  4:30  Drone  
  47  4:43  Drone x2  
  49  4:51  Drone x2  
  47  5:13  Zergling x2  
  47  5:14  Zergling x10  
  51  5:21  Zergling x6  
  51  5:33  Zergling x10  
  53  5:41  Drone  
  52  5:46  Zergling x8  
  56  6:03  Zergling x4  
  56  6:04  Zergling x4  
Tags
 
Add a new tag
Caveats
  • Supply blocks, unpowered buildings, or Contaminate may cause inaccurate times.
  • Supply counts are checked every 10 seconds.